 Dungeon Crawl Stone Soup version 0.31-a0-188-g5e087ee2ca (webtiles) character file.

Game seed: 14832814673795121695

23 qw the Shooter (level 2, 0/16 HPs)
             Began as a Deep Elf Hunter on June 22, 2023.
             Slain by an adder (2 damage)
             ... on level 1 of the Dungeon.
             The game lasted 00:00:15 (875 turns).

qw the Shooter (Deep Elf Hunter)                     Turns: 875, Time: 00:00:15

Health: 0/16       AC:  5    Str:  8    XL:     2   Next: 72%
Magic:  4/4        EV: 10    Int: 13    God:
Gold:   43         SH:  0    Dex: 18    Spells: 1/1 levels left

rFire   . . .        Y - +0 shortbow
rCold   . . .        (shield currently unavailable)
rNeg    . . .        i - +0 ring mail
rPois   .            (no helmet)
rElec   .            (no cloak)
rCorr   .            (no gloves)
SInv    .            (no boots)
Will    .....        (no amulet)
Stlth   +            (no ring)
HPRegen 0.22/turn    (no ring)
MPRegen 0.09/turn

%: no passive effects
@: lethally poisoned (0 -> -6)
A: no striking features
a: no special abilities


You were on level 1 of the Dungeon.
You visited 1 branch of the dungeon, and saw 2 of its levels.

You collected 43 gold pieces.


   Skills:
 - Level 1.5 Fighting
 + Level 6.4 Ranged Weapons
 - Level 2.4 Dodging
 - Level 1.2 Stealth


You had one spell level left.
You didn't know any spells.
Your spell library was empty.

Inventory:

Hand Weapons
 Y - a +0 shortbow (weapon)
Armour
 i - a +0 ring mail (worn)
Scrolls
 e - a scroll of identify
Potions
 f - a potion of attraction {unknown}
 h - a potion of curing {unknown}

Dungeon Overview and Level Annotations

Branches:
Dungeon (2/15)

Altars:


Message History

You feel sick. The adder barely misses you.
The kobold hits you but does no damage. The adder misses you.
865 ||| STAIRDANCE You feel sick.
The adder bites you but does no damage. The kobold barely misses you.
You climb upwards.
You feel sick.
You are no longer poisoned.
There is a stone staircase leading down here.
You shoot an arrow. The arrow barely misses the adder.
The adder bites you. The kobold hits you but does no damage.
The adder closely misses you.
You shoot an arrow. The arrow closely misses the adder.
The kobold hits you but does no damage. The adder bites you but does no damage.
You shoot an arrow. The arrow misses the adder.
The adder bites you but does no damage.
The kobold hits you with a +0 short sword.
The adder closely misses you. The kobold closely misses you.
You shoot an arrow. The arrow hits the adder!
The adder is severely wounded.
The adder bites you but does no damage. The kobold hits you but does no damage.
The adder completely misses you.
You shoot an arrow. The arrow barely misses the adder.
The adder bites you but does no damage.
The kobold hits you with a +0 short sword.
You shoot an arrow. The arrow closely misses the adder.
The adder bites you.
You are poisoned.
The adder poisons you! The kobold barely misses you.
The adder barely misses you. The kobold hits you but does no damage.
You shoot an arrow. The arrow barely misses the adder.
You feel sick. The adder barely misses you.
The kobold hits you but does no damage. The adder closely misses you.
You shoot an arrow. The arrow closely misses the adder.
You feel sick. The adder bites you.
You are lethally poisoned!
The adder poisons you! The kobold barely misses you.
You shoot an arrow. The arrow completely misses the adder.
You feel sick. The adder completely misses you. The kobold misses you.
The adder bites you.
You die...

#.#.# #.#...##.8.8.8.8.8.
#.#.# #.#.###............
#)#.## #.#...\.~~~~~~~~~~~
#.#..# #.#)###............
#.#..# #.#..###.8.8.8.8.8.
#.#[.######.#..# #...........
#.#..#.....?#..# ############
####..########..# #.# #.#
#........# #@..####.# #.#
#.######.# #SK......# #.#
#...##...####..####### #.#
###.##.###..#..#### ##.##
#...##...#.......)######.#.###
#.#########.............###..#
#........####..##.######.#....
####..#### #......# ##.##.#
#..#.# #..##..# ####.#


You could see an adder and a kobold.

Vanquished Creatures
  A ball python (D:1)
  An endoplasm (D:1)
  2 giant cockroaches (D:1)
  6 goblins (D:1)
  A hobgoblin (D:1)
  3 kobolds
  3 quokkas (D:1)
  A rat (D:1)
18 creatures vanquished.

Notes
Turn   | Place    | Note
-------+----------+-------------------------------------------
     0 | D:1      | qw the Deep Elf Hunter began the quest for the Orb.
     0 | D:1      | Reached XP level 1. HP: 12/12 MP: 3/3
     0 | D:1      | 0 ||| qw: Version: 0.3-a-9-g12657ce
     0 | D:1      | 0 ||| qw: Game counter: 2848
     0 | D:1      | 0 ||| qw: Always use a shield: true
     0 | D:1      | 0 ||| qw: God list: Okawaru
     0 | D:1      | 0 ||| qw: Allow faded altars: false
     0 | D:1      | 0 ||| qw: Do Orc after D:15 true
     0 | D:1      | 0 ||| qw: Do second Lair branch before Depths: true
     0 | D:1      | 0 ||| qw: Lair rune preference: random
     0 | D:1      | 0 ||| qw: Plans: Normal
     0 | D:1      | 0 ||| PLANNING D:1-11
    59 | D:1      | Reached skill level 6 in Ranged Weapons
    59 | D:1      | Reached XP level 2. HP: 16/16 MP: 4/4
   304 | D:1      | HP: 4/16 [endoplasm (1)]
   781 | D:1      | 781 ||| UPGRADING to +0 ring mail.
   791 | D:1      | 791 ||| DROPPING +0 leather armour.
   792 | D:1      | 792 ||| READING scroll labelled DARREO OKETOEM.
   793 | D:1      | 793 ||| READING 2 scrolls labelled HUNNAM OCSYIHE.
   794 | D:1      | 794 ||| READING scroll labelled BUUTERUEGI.
   795 | D:1      | 795 ||| DROPPING scroll of butterflies.
   856 | D:2      | 856 ||| STAIRDANCE
   865 | D:2      | 865 ||| STAIRDANCE
   874 | D:1      | HP: 3/16 [adder (2)]
   875 | D:1      | Slain by an adder

Levels and vault maps discovered:
D:1:      mainiacjoe_arrival_reflecting_pool, layout_loops_ring,
          bh_walls_and_bars
D:2:      layout_loops_corners, st_stairs_6, grunt_ministairs_7,
          amcnicky_mini_corridor_feature

Skill      XL: |  1 |
---------------+----+-----
Ranged Weapons | 6 |  6.4
Fighting       | |  1.5
Dodging        | |  2.4
Stealth        | |  1.2

Action                     || total
---------------------------++-------
   Fire: Shortbow          ||    55
    Use: Scroll            ||     3
 Armour: Ring mail         ||    13
         Leather armour    ||     2
  Dodge: Dodged            ||    25

Table legend:
 A = Non-vault XP
 B = Vault XP
 C = Vault XP percentage of total XP
 D = Non-vault monster count
 E = Vault monster count
 F = Vault count percentage of total count
                 A         B        C        D         E       F
            +---------+---------+-------+---------+---------+-------
      Total |      33 |       0 |   0.0 |      18 |       0 |   0.0
            +---------+---------+-------+---------+---------+-------
        D:1 |      32 |       0 |   0.0 |      17 |       0 |   0.0
        D:2 |       1 |       0 |   0.0 |       1 |       0 |   0.0
            +---------+---------+-------+---------+---------+-------
